 Dungeon Crawl Stone Soup version 0.17.1-2-g5865329 (webtiles) character file.

107 abixa the Chopper (level 4, -9/37 HPs)
             Began as a Hill Orc Gladiator on Jan 14, 2016.
             Mangled by an ogre
             ... wielding a +0 giant club
              (24 damage)
             ... on level 3 of the Dungeon.
             The game lasted 00:05:37 (1328 turns).

abixa the Chopper (Hill Orc Gladiator)              Turns: 1328, Time: 00:05:37

Health: -9/37      AC: 10    Str: 17    XL:     4   Next: 86%
Magic:  4/4        EV:  6    Int:  8    God:
Gold:   78         SH:  3    Dex: 12    Spells: 0 memorised, 3 levels left

rFire  . . .     SeeInvis .     a - +0 war axe
rCold  . . .     Clarity  .     i - +0 chain mail
rNeg   . . .     SustAt   .     q - +0 buckler
rPois  +         Gourm    .     c - +0 helmet
rElec  .         Spirit   .     (no cloak)
rCorr  .         Warding  .     m - +0 pair of gloves
rMut   .         Stasis   .     (no boots)
MR     +....                    w - amulet of inaccuracy (curse)
Stlth  ..........               y - ring of protection from magic
                                k - ring of poison resistance

@: somewhat resistant to hostile enchantments, extremely unstealthy
A: no striking features
a: no special abilities


You were on level 3 of the Dungeon.
You were not hungry.

You visited 1 branch of the dungeon, and saw 3 of its levels.

You collected 78 gold pieces.

Inventory:

Hand Weapons
 a - a +0 war axe (weapon)
 t - a +0 spear
Missiles
 g - 44 stones (quivered)
Armour
 b - a +0 leather armour
 c - a +0 helmet (worn)
 i - a +0 chain mail (worn)
 m - a +0 pair of gloves (worn)
 q - a +0 buckler (worn)
Jewellery
 k - a ring of poison resistance (left hand)
 u - an uncursed ring of positive energy
 w - a cursed amulet of inaccuracy (around neck)
 y - a ring of protection from magic (right hand)
Scrolls
 f - 2 scrolls of enchant armour {unknown}
 h - 2 scrolls of random uselessness {unknown}
 j - 2 scrolls of identify {unknown}
 n - a scroll of amnesia {unknown}
 o - 2 scrolls of remove curse {unknown}
 r - a scroll of fear {unknown}
Potions
 l - a potion of curing {unknown}
 p - 2 potions of magic {unknown}
 s - 2 potions of heal wounds {unknown}
Comestibles
 e - 2 bread rations
 x - a beef jerky


   Skills:
 - Level 2.4 Fighting
 + Level 7.1 Axes
 - Level 1.7 Throwing
 - Level 2.4 Dodging


You had 3 spell levels left.
You didn't know any spells.

Dungeon Overview and Level Annotations

Branches:
Dungeon (3/15)

Altars:
Elyvilon
Gozag
Okawaru
Sif Muna

Annotations:
D:1 fly


Message History

You throw a throwing net.
The throwing net barely misses the ogre.
The ogre hits you with a giant club.
Throwing (i - inventory. (,) - cycle):
d - 2 throwing nets (quivered)
Press: ? - help, Shift-Dir - straight line, f/p - ogre
Aim: an ogre, wielding a giant club You throw a throwing net.
The throwing net barely misses the ogre.
The ogre hits you with a giant club!!
Throwing (i - inventory. (,) - cycle):
d - a throwing net (quivered)
Press: ? - help, Shift-Dir - straight line, f/p - ogre
Aim: an ogre, wielding a giant club You throw a throwing net.
The throwing net barely misses the ogre.
You are too injured to fight recklessly!
You slash the ogre!
The ogre is moderately wounded.
The ogre hits you with a giant club!!
Ouch! That really hurt!
You die...

#..gg..##...g(..#...###...##
#......##.g..########.##.##
#....gg)(....# #.##g#
#.........##....########.##.##
#.##.....>########.......#...#
# #......# #.......#.♣.#
#......##### #.......#...#
............# #......)##.##
###......###@####).........#
######## #.O...).#.###...##
###.......##.†...##
#.......#.......#
###(....#.......#
###.####.....## #.# ##...##
..# ##### .#


You could see an ogre.

Vanquished Creatures
  Robin (D:2)
  A gnoll (D:1)
  An adder (D:2)
  An ooze (D:1)
  2 worms (D:2)
  5 giant geckos
  4 giant cockroaches
  15 goblins
  10 hobgoblins
  4 kobolds
  2 quokkas (D:2)
  A ball python (D:3)
  7 bats
  4 giant newts
  8 rats
66 creatures vanquished.

Notes
Turn   | Place    | Note
--------------------------------------------------------------
     0 | D:1      | abixa the Hill Orc Gladiator began the quest for the Orb.
     0 | D:1      | Reached XP level 1. HP: 18/18 MP: 1/1
   132 | D:1      | Reached XP level 2. HP: 25/25 MP: 2/2
   176 | D:1      | Reached skill level 5 in Axes
   237 | D:1      | Reached XP level 3. HP: 16/30 MP: 3/3
   655 | D:2      | Reached skill level 6 in Axes
   702 | D:2      | Found an opulent altar of Gozag.
   703 | D:2      | Noticed Robin
   719 | D:2      | Reached XP level 4. HP: 35/37 MP: 4/4
   747 | D:2      | Killed Robin
   802 | D:2      | Found an iron altar of Okawaru.
   805 | D:2      | Found a deep blue altar of Sif Muna.
  1087 | D:2      | Reached skill level 7 in Axes
  1143 | D:3      | Found a white marble altar of Elyvilon.
  1281 | D:3      | Noticed an ogre
  1328 | D:3      | Mangled by an ogre

Action                   |  1- 3 |  4- 6 || total
-------------------------+-------+-------++-------
Melee: War axe           |   114 |   104 ||   218
Throw: Stone             |     1 |       ||     1
       Throwing net      |       |     3 ||     3
  Eat: Chunk             |       |     2 ||     2
